 Dungeon Crawl Stone Soup version 0.22-a0-525-gf69a080 (webtiles) character file.

116880 Amnesiac the Eclecticist (level 16, -5/92 HPs)
             Began as a Spriggan Earth Elementalist on June 21, 2018.
             Was an Initiate of Gozag.
             Slain by a skeletal warrior
             ... wielding a +0 glaive
             ... led by an ancient champion
              (15 damage)
             ... in the Vestibule of Hell.
             The game lasted 01:15:09 (27193 turns).

Amnesiac the Eclecticist (SpEE)                    Turns: 27193, Time: 01:15:09

Health: -5/92      AC: 10    Str:  4    XL:     16   Next: 21%
Magic:  0/49       EV: 33    Int: 22    God:    Gozag
Gold:   4137       SH: 13    Dex: 21    Spells: 25/54 levels left

rFire    + . .     SeeInvis +   S - +1 dagger of Untruth {pierce, +Inv rPois MR+ Dex+3} (curse)
rCold    + . .     Gourm    .   u - +0 buckler
rNeg     . . .     Faith    .   G - +2 robe {Archmagi}
rPois    +         Spirit   +   b - +2 hat of Defence {rF+ Int+2}
rElec    .         Reflect  .   B - +2 cloak
rCorr    .         Harm     .   (gloves unavailable)
MR       +++..                  (boots unavailable)
Stlth    ++++......             a - amulet of guardian spirit
HPRegen  0.25/turn              A - ring of magical power
MPRegen  0.31/turn              L - ring of protection from cold

@: gold aura, drained, bribing [the Vestibule of Hell, the Iron City of Dis,
Gehenna, Cocytus, Tartarus], very quick
A: very small, unfitting armour, large bone plates 1, rugged brown scales 1, see
invisible, dopey 1, herbivore, speed 3, screaming 1, slow metabolism 2
a: Potion Petition, Call Merchant, Bribe Branch, Renounce Religion, Evoke
Invisibility


You were in the Vestibule of Hell.
You worshipped Gozag.
Gozag was most pleased with you.
You were not hungry.

You visited 5 branches of the dungeon, and saw 20 of its levels.
You visited 1 bazaar.
You also visited: Ice Cave.

You collected 7861 gold pieces.
You spent 376 gold pieces at shops.
You paid 3348 gold pieces to Gozag.

Inventory:

Hand Weapons
 S - the cursed +1 dagger of Untruth (weapon) {pierce, +Inv rPois MR+ Dex+3}
   (You bought it in a shop on level 2 of the Orcish Mines)

   It inflicts extra damage upon your enemies.
   It affects your dexterity (+3).
   It protects you from poison.
   It affects your resistance to hostile enchantments.
   It lets you turn invisible.
   It has a curse placed upon it.
Missiles
 J - 165 stones (quivered)
Armour
 b - the +2 hat of Defence (worn) {rF+ Int+2}
   (You found it in an ice cave)

   It affects your intelligence (+2).
   It protects you from fire.
 u - a +0 buckler (worn)
 B - a +2 cloak (worn)
 G - a +2 robe of the Archmagi (worn)
Jewellery
 a - an amulet of guardian spirit (around neck)
 w - an uncursed ring of wizardry
 y - an uncursed ring of poison resistance
 A - a ring of magical power (left hand)
 C - an uncursed ring of resist corrosion
 E - an uncursed ring of protection from fire
 L - a ring of protection from cold (right hand)
 N - a +4 ring of intelligence
Wands
 g - a wand of polymorph (15)
 p - a wand of disintegration (4)
 D - a wand of flame (122)
 I - a wand of enslavement (2)
 P - a wand of digging (2)
Scrolls
 c - 2 scrolls of remove curse {!r}
 e - a scroll of fear {!r}
 f - a scroll of fog {!r}
 l - 3 scrolls of amnesia {!r}
 n - 3 scrolls of magic mapping {!r}
 q - 2 scrolls of enchant weapon {!r}
 s - 2 scrolls of teleportation {!r}
 v - a scroll of enchant armour {!r}
 F - a scroll of acquirement {!r}
 H - 2 scrolls of identify {!r}
 O - 2 scrolls of silence {!r}
 R - a scroll of blinking {!r}
Potions
 h - a potion of flight {!q}
 i - 7 potions of heal wounds {!q}
 j - a potion of invisibility {!q}
 k - 8 potions of curing {!q}
 m - a potion of lignification {!q}
 o - 6 potions of might {!q}
 r - a potion of resistance {!q}
 t - 2 potions of agility {!q}
 K - a potion of brilliance {!q}
Comestibles
 d - 6 rations


   Skills:
 * Level 12.5(12.3) Fighting
 - Level 8.1(7.8) Short Blades
 + Level 15.1(14.8) Dodging
 - Level 8.1(7.9) Stealth
 - Level 7.3(7.1) Shields
 - Level 19.5(19.2) Spellcasting
 - Level 1.3(1.1) Transmutations
 - Level 8.0(7.8) Earth Magic
 + Level 3.2(3.0) Evocations


You had 25 spell levels left.
You knew the following spells:

 Your Spells              Type           Power        Failure   Level  Hunger
a - Stone Arrow           Conj/Erth      ######       1%          3    None
b - Passwall              Tmut/Erth      ######..     1%          2    None
c - Sandblast             Erth           ######       1%          1    None
d - Lee's Rapid Deconstr  Erth           ######....   2%          5    None
e - Petrify               Tmut/Erth      ######..     3%          4    None
f - Poisonous Vapours     Pois/Air       ####..       3%          2    None
g - Summon Butterflies    Summ           ####....     2%          1    None
h - Invisibility          Hex            ####....     98%         6    ####...
r - Regeneration          Chrm/Necr      ####......   7%          3    None
v - Blink                 Tloc           N/A          3%          2    None

Your spell library contained the following spells:

 Spells                   Type           Power        Failure   Level  Hunger
 Magic Dart               Conj           ####         2%          1    None
 Apportation              Tloc           ####..       2%          1    None
 Conjure Flame            Conj/Fire      ####....     7%          3    None
 Slow                     Hex            ####....     3%          2    None
 Freezing Cloud           Conj/Ice/Air   ####......   98%         6    ####...
 Mephitic Cloud           Conj/Pois/Air  ####....     7%          3    None
 Ring of Flames           Chrm/Fire      ####......   100%        7    #####..
 Animate Dead             Necr           N/A          24%         4    None
 Pain                     Necr           ####         2%          1    None
 Animate Skeleton         Necr           N/A          2%          1    None
 Vampiric Draining        Necr           ####......   7%          3    None
 Call Imp                 Summ           ####....     3%          2    None
 Tukima's Dance           Hex            ####....     7%          3    None
 Alistair's Intoxication  Tmut/Pois      #####...     45%         5    None
 Lesser Beckoning         Tloc           ####......   7%          3    None


Dungeon Overview and Level Annotations

Branches:
Dungeon (15/15)            Temple (1/1) D:4            Lair (0/6) D:9
    Orc (2/2) D:11            Elf (0/3) Orc:2        Vaults (0/5) D:14
 Depths (1/5) D:15           Hell (1/1)                 Tar (0/7) Hell
    Dis: Hell:1         Geh: Hell:1         Coc: Hell:1

Altars:
Ashenzari
Cheibriados
Dithmenos
Elyvilon
Fedhas
Gozag
Hepliaklqana
Kikubaaqudgha
Makhleb
Nemelex Xobeh
Okawaru
Qazlal
Ru
Sif Muna
Trog
Uskayaw
Vehumet
Wu Jian
Xom
Yredelemnul
Zin
The Shining One

Shops:
Orc:2 [(*[

Portals:
Hell: Depths:1
Abyss: Depths:1
Ziggurat: Depths:1

Annotations:
D:13 Frances
Hell exclusion: 2 ice statues, Geryon


Innate Abilities, Weirdness & Mutations

You are very small and have problems with some larger weapons.
You are too small for most types of armour.
You have supernaturally acute eyesight. (SInv)
You are a herbivore.
You cover ground extremely quickly.
You need to consume almost no food.
You are partially covered in large bone plates. (SH +4)
You are partially covered in rugged brown scales. (AC +1, +3% HP)
You are dopey. (Int -2)
You occasionally shout uncontrollably at your foes.


Message History

An orange demon comes into view.
You hear a grinding noise.
An orange demon comes into view.
The orange demon screeches!
You hear a chilling moan.
The iron dragon roars deafeningly!
The smoke demon gestures at you. You block the sticky flame.
The reaper hits you from afar with a scythe of flaming!
The reaper burns you.
The lorocyproca gives a chilling moan.
You block the lorocyproca's attack. The smoke demon gestures at you.
Something smites you!
* * * LOW HITPOINT WARNING * * *
The skeletal warrior is distracted by the nearby gold.
You hear a grinding noise.
The smoke demon gestures at you. The ball of steam misses you.
Marking area around the ice statue as unsafe for travelling.
You shout at the ice statue!
Marking area around the ice statue as unsafe for travelling. 2 ice statues come into view.
Your ice statue grins greedily, jangling a coin purse. x2
You hear a deafening roar! x2
The lorocyproca is distracted by the nearby gold.
The lorocyproca gives a chilling moan.
You see here 7 gold pieces.
You now have 4137 gold pieces (gained 7).
The smoke demon gestures at you. Something smites you!
* * * LOW HITPOINT WARNING * * *
The orange demon is engulfed in a cloud of scalding steam.
Unknown command.
The smoke demon gestures at you. Something smites you!
* * * LOW HITPOINT WARNING * * *
There is a gateway back into the Dungeon here.
The lorocyproca is no longer distracted by gold.
You hear a distant "Zot"!
You hear a grinding noise.
A spiny frog simulacrum comes into view.
The spiny frog simulacrum is distracted by the nearby gold.
A water elemental comes into view.
You shout at the water elemental!
You hear a deafening roar!
You hear a shout!
You hear a grinding noise.
Found 15 gold pieces.
What are your orders? t - Shout!
Orders for allies: a - Attack new target. r - Retreat! s - Stop attacking. g - Guard the area. f - Follow me.
Anything else - Cancel.
Guard this area!
Your ice statue gestures.
The smoke demon gestures at you. Something smites you!
* * * LOW HITPOINT WARNING * * *
The skeletal warrior is distracted by the nearby gold.
The smoke demon gestures at you. Something smites you!
* * * LOW HITPOINT WARNING * * *
The skeletal warrior hits you from afar with a glaive!!
You die...
Your body crumbles into a pile of gold.

≈...# #.#...∩..## ≈≈≈≈.#
###.r.....## ≈≈≈...#
##33z......## ≈≈≈≈≈..##
##.z.........##
≈≈≈≈≈...####24..........&##
≈≈≈≈.8...##..z............#
.....Y.....z2...........§..
.$.........∩Z...........§∩.
......E...@........∩.......
≈≈Z≈.8...##........$......#
≈≈≈≈....####..$..........##
≈≈≈.≈..## ##............##
≈≈≈≈..# ##.##.........## #
≈≈≈≈.# ##.####.......## ##
≈≈≈.# ##.## ##..∩2.## ##.
..# ##.## ##...## ##.#
##.## #...$####.##


You could see a lorocyproca (invisible), a reaper, 4 skeletal warriors, a soul
eater, an orange demon, a water elemental, a smoke demon, a hell rat, a
five-headed hydra zombie, 2 friendly ice statues and a friendly ice beast.

Vanquished Creatures
  Gastronok (D:8)
  An ancient champion (Hell)
  A fire giant (Depths:1)
  A frost giant (IceCv)
  An orc warlord (Orc:1)
  A balrug (Depths:1)
  A reaper (Hell)
  6 very ugly things (Depths:1)
  A juggernaut skeleton (D:15)
  A stone giant (D:15)
  The ghost of Eptagon the Fighter, a journeyman OgBe of Trog (D:11)
  Azrael (D:13)
  A merfolk javelineer (Orc:1)
  2 ettins (Depths:1)
  2 fire dragons (Depths:1)
  The ghost of Amnesiac the Fetichist, a journeyman SpMo of Gozag (Orc:2)
  Erolcha (D:13)
  The ghost of Amnesiac the Thaumaturge, a journeyman SpEE of Dithmenos (Orc:1)
  3 vault guards (D:14)
  2 hydras
  5 centaur warriors
  10 two-headed ogres
  A spriggan air mage (Depths:1)
  A death knight (D:15)
  2 ogre magi
  4 tengu warriors
  3 deep troll earth magi (Depths:1)
  3 orc high priests (Orc:2)
  A hell hog (Hell)
  A vampire mage (D:15)
  Nergalle (Orc:1)
  2 sun demons (Depths:1)
  2 deep elf knights
  A deep troll (Depths:1)
  2 skeletal warriors (D:15)
  The ghost of TheNamelessOne the Changer, a novice OpTm (D:8)
  4 unseen horrors
  2 wizards
  A phantasmal warrior (D:15)
  28 ugly things
  2 frost giant zombies (D:15)
  4 orc sorcerers (Orc:2)
  8 orc knights
  A necromancer (D:15)
  3 deep elf magi
  4 cyclopes
  2 manticores
  Maurice (D:9)
  2 ice statues
  3 centaur skeletons
  4 gargoyles
  2 rime drakes (Orc:2)
  6 kobold demonologists
  2 freezing wraiths (D:15)
  4 red devils (D:12)
  14 polar bears (IceCv)
  6 trolls
  8 slime creatures
  Prince Ribbit (D:7)
  3 hippogriffs
  A shadow (D:11)
  2 water elementals (Depths:1)
  A fire dragon skeleton (D:15)
  31 yaks
  Sigmund (D:2)
  5 wyverns
  A wyvern (shapeshifter) (Depths:1)
  A wraith (D:15)
  A centaur simulacrum (D:15)
  Eustachio (D:6)
  5 fire elementals
  2 basilisks
  Grum (D:8)
  2 vampire mosquitoes (D:10)
  4 hungry ghosts
  Menkaure (D:6)
  Edmund (D:5)
  3 wargs
  3 water moccasins
  An acid dragon (D:13)
  2 porcupines (D:9)
  Duvessa (D:6)
  3 hell hounds
  A hornet zombie (D:15)
  A floating eye (shapeshifter) (Depths:1)
  5 sky beasts
  5 ice beasts
  12 orc warriors
  10 ogres
  4 boggarts (D:15)
  4 phantoms
  9 wolves
  16 centaurs
  4 crocodiles (D:9)
  5 big kobolds
  15 bullfrogs
  A spectral warg (Orc:2)
  Dowan (D:6)
  8 scorpions
  14 killer bees
  2 orc simulacra (Orc:2)
  9 wights
  3 crimson imps
  A bullfrog zombie (D:8)
  4 centaur zombies
  3 quasits
  A gnoll shaman (D:4)
  5 hounds
  A jelly (D:9)
  20 orc priests
  3 bullfrog skeletons
  An iron imp (Hell)
  Terence (D:2)
  4 spectral orcs (Orc:2)
  4 iguanas
  21 orc wizards
  13 worker ants
  6 gnolls
  13 adders
  A shadow imp (D:9)
  2 oozes
  An adder zombie (D:7)
  2 adder skeletons
  A worm (D:3)
  6 leopard geckos
  50 orcs
  A ball python (D:4)
  9 bats
  A bat zombie (D:9)
  6 giant cockroaches
  5 goblins
  3 hobgoblins
  8 jackals
  5 quokkas
  4 frilled lizards
  A jackal skeleton (D:4)
  12 kobolds
  A leopard gecko zombie (D:9)
  2 quokka zombies
  10 rats
  A rat zombie (D:9)
621 creatures vanquished.

Vanquished Creatures (collateral kills)
  Aizul (Depths:1)
  A frost giant (Depths:1)
  A cacodemon (Hell)
  A balrug (Hell)
  A blizzard demon (Hell)
  A soul eater (Hell)
  A deep troll (Depths:1)
  A necromancer (Hell)
  4 orange demons (Hell)
  A water elemental (Hell)
  A yak (IceCv)
  5 hell hounds (Hell)
  2 hell rats (Hell)
21 creatures vanquished.

Vanquished Creatures (others)
  4 reapers (Hell)
  2 war gargoyles (Hell)
  A blizzard demon (Hell)
  A hell hog (Hell)
  2 sun demons (Hell)
  4 hell knights (Hell)
  A soul eater (Hell)
  A skeletal warrior (Hell)
  A rust devil (Hell)
  A smoke demon (Hell)
  An orange demon (Hell)
  A hellion (Hell)
  A yak (IceCv)
  2 fire elementals (Hell)
  2 hell hounds (Hell)
  A centaur (D:15)
  An iron imp (Hell)
  5 hell rats (Hell)
  A white imp (Hell)
  A kobold (D:3)
  A rat (D:3)
  7 plants
  9 withered plants (D:15)
51 creatures vanquished.

Grand Total: 693 creatures vanquished

Notes
Turn   | Place    | Note
-------+----------+-------------------------------------------
     0 | D:1      | Amnesiac the Spriggan Earth Elementalist began the quest for the Orb.
     0 | D:1      | Reached XP level 1. HP: 9/9 MP: 5/5
   143 | D:2      | Noticed Sigmund
   220 | D:2      | Found an opulent altar of Gozag.
   226 | D:2      | Became a worshipper of Gozag Ym Sagoz the Greedy
   231 | D:2      | Reached XP level 2. HP: 13/13 MP: 6/6
   297 | D:1      | Learned a level 2 spell: Passwall
   371 | D:1      | Reached skill level 3 in Spellcasting
   377 | D:1      | Reached skill level 1 in Short Blades
   890 | D:1      | Reached XP level 3. HP: 16/16 MP: 5/8
   898 | D:1      | Learned a level 3 spell: Stone Arrow
  1012 | D:2      | Killed Sigmund
  1012 | D:2      | Reached XP level 4. HP: 21/21 MP: 3/10
  1012 | D:2      | Reached XP level 5. HP: 24/24 MP: 3/11
  1100 | D:2      | Noticed Terence
  1118 | D:2      | Learned a level 4 spell: Petrify
  1183 | D:2      | Reached skill level 4 in Spellcasting
  1328 | D:2      | Found a hide-covered altar of Uskayaw.
  1772 | D:2      | Killed Terence
  1881 | D:3      | Found a radiant altar of Vehumet.
  1994 | D:3      | Reached XP level 6. HP: 28/28 MP: 5/13
  2057 | D:3      | Reached skill level 5 in Dodging
  2318 | D:3      | You fall through a shaft for 3 floors!
  2345 | D:6      | Noticed Dowan
  2351 | D:6      | Noticed an ice beast
  2372 | D:5      | Entered Level 5 of the Dungeon
  2387 | D:5      | Killed an ice beast
  2387 | D:5      | Reached skill level 5 in Earth Magic
  2387 | D:5      | Reached XP level 7. HP: 32/32 MP: 8/15
  2547 | D:4      | Reached skill level 5 in Spellcasting
  2552 | D:4      | Found a basalt altar of Yredelemnul.
  2707 | D:4      | Found a staircase to the Ecumenical Temple.
  3319 | Temple   | Entered the Ecumenical Temple
  4062 | D:4      | Reached skill level 1 in Shields
  4153 | D:4      | Reached XP level 8. HP: 32/36 MP: 14/17
  4398 | D:4      | Learned a level 5 spell: Lee's Rapid Deconstruction
  4449 | D:5      | Found a bloodstained altar of Trog.
  4454 | D:5      | Found a hazy altar of Hepliaklqana.
  4459 | D:5      | Found a deep blue altar of Sif Muna.
  4462 | D:5      | Found a glowing silver altar of Zin.
  4481 | D:5      | Noticed Edmund
  4490 | D:5      | Killed Edmund
  4553 | D:5      | Reached skill level 6 in Spellcasting
  4965 | D:6      | Learned a level 3 spell: Regeneration
  4983 | D:6      | Noticed Duvessa
  4988 | D:6      | Killed Dowan
  5012 | D:6      | Killed Duvessa
  5139 | D:6      | Found a burning altar of Makhleb.
  5211 | D:6      | Noticed Eustachio
  5215 | D:6      | Killed Eustachio
  5216 | D:6      | Reached XP level 9. HP: 39/39 MP: 14/20
  5259 | D:6      | Reached skill level 7 in Spellcasting
  5563 | D:6      | You fall through a shaft for 2 floors!
  5635 | D:8      | Noticed Grum
  5670 | D:8      | Found a sparkling altar of Nemelex Xobeh.
  5804 | D:7      | Gained mutation: Potions are less effective at restoring your health. [potion of mutation]
  5804 | D:7      | Gained mutation: Your body sometimes deteriorates upon taking damage. [potion of mutation]
  5804 | D:7      | Gained mutation: You are agile. (Dex +2) [potion of mutation]
  5804 | D:7      | Gained mutation: You are partially covered in large bone plates. (SH +4) [potion of mutation]
  5805 | D:7      | Lost mutation: You are agile. (Dex +2) [potion of mutation]
  5805 | D:7      | Lost mutation: Your body sometimes deteriorates upon taking damage. [potion of mutation]
  5805 | D:7      | Lost mutation: Potions are less effective at restoring your health. [potion of mutation]
  5805 | D:7      | Gained mutation: You are dopey. (Int -2) [potion of mutation]
  5805 | D:7      | Gained mutation: You are partially covered in rugged brown scales. (AC +1, +3% HP) [potion of mutation]
  5809 | D:7      | Noticed Prince Ribbit
  5841 | D:7      | Killed Prince Ribbit
  5841 | D:7      | Reached skill level 8 in Spellcasting
  6082 | D:7      | Reached skill level 10 in Dodging
  6360 | D:6      | Noticed Menkaure
  6366 | D:6      | Killed Menkaure
  6669 | D:7      | Reached XP level 10. HP: 45/45 MP: 19/23
  7099 | D:8      | Found a hazy altar of Hepliaklqana.
  7138 | D:8      | Reached skill level 9 in Spellcasting
  7148 | D:8      | Noticed Gastronok
  7153 | D:8      | Killed Grum
  7661 | D:8      | Killed Gastronok
  7661 | D:8      | Reached skill level 5 in Shields
  7661 | D:8      | Reached skill level 10 in Spellcasting
  7845 | D:8      | Found a runed gate.
  7847 | D:8      | Found a runed gate.
  7848 | D:8      | Found a runed gate.
  7849 | D:8      | Noticed a ten-headed hydra
  7853 | D:8      | Noticed TheNamelessOne's ghost (novice OpTm)
  7917 | D:8      | Found a sacrificial altar of Ru.
  8124 | D:8      | Killed a ten-headed hydra
  8124 | D:8      | Killed TheNamelessOne's ghost
  8140 | D:8      | Got a smoking lajatang
  8155 | D:8      | Identified the +7 lajatang of Infection {freeze, rN+} (You found it on level 8 of the Dungeon)
  8270 | D:9      | Found a staircase to the Lair.
  8284 | D:9      | Reached XP level 11. HP: 48/48 MP: 18/26
  8547 | D:9      | Found a shadowy altar of Dithmenos.
  8606 | D:9      | Reached skill level 11 in Spellcasting
  8702 | D:9      | Noticed Maurice
  8721 | D:9      | Killed Maurice
  8972 | D:9      | Found an ancient bone altar of Kikubaaqudgha.
  9224 | D:10     | Entered Level 10 of the Dungeon
  9355 | D:10     | Noticed an unseen horror
  9368 | D:10     | Killed an unseen horror
  9877 | D:10     | Noticed a two-headed ogre
  9892 | D:10     | Killed a two-headed ogre
 10078 | D:10     | Reached skill level 12 in Spellcasting
 10523 | D:11     | Found a runed door.
 10523 | D:11     | Noticed Eptagon's ghost (journeyman OgBe)
 10618 | D:11     | Killed Eptagon's ghost
 10767 | D:11     | Found a staircase to the Orcish Mines.
 10797 | D:11     | Reached XP level 12. HP: 42/52 MP: 11/29
 10814 | Orc:1    | Entered Level 1 of the Orcish Mines
 10825 | Orc:2    | Entered Level 2 of the Orcish Mines
 10869 | Orc:2    | Found a staircase to the Elven Halls.
 10892 | Orc:2    | Found a runed gate.
 10892 | Orc:2    | Found a runed gate.
 10893 | Orc:2    | Found a runed gate.
 10901 | Orc:2    | Noticed Amnesiac's ghost (journeyman SpMo)
 10911 | Orc:2    | Found Xiqar's Antique Armour Boutique.
 10969 | Orc:2    | Found a frozen archway.
 10989 | Orc:2    | Noticed a two-headed ogre
 11031 | Orc:2    | Killed a two-headed ogre
 11031 | Orc:2    | Reached skill level 13 in Spellcasting
 11044 | IceCv    | Entered an ice cave
 11518 | IceCv    | Reached skill level 14 in Spellcasting
 12048 | IceCv    | Reached skill level 15 in Spellcasting
 12189 | IceCv    | Noticed a frost giant
 12248 | IceCv    | Reached skill level 1 in Fighting
 12426 | IceCv    | Got a pitted hat
 12461 | IceCv    | Identified the +2 hat of Defence {rF+ Int+2} (You found it in an ice cave)
 12535 | IceCv    | Killed a frost giant
 13012 | Orc:2    | Noticed a two-headed ogre
 13027 | Orc:2    | Killed a two-headed ogre
 13169 | Orc:2    | Found Sach's Jewellery Shop.
 13204 | Orc:2    | Noticed an orc high priest
 13213 | Orc:2    | Noticed an orc high priest
 13214 | Orc:2    | Noticed an orc high priest
 13569 | Orc:1    | Noticed Nergalle
 13599 | Orc:1    | Killed Nergalle
 13599 | Orc:1    | Reached skill level 5 in Short Blades
 13599 | Orc:1    | Reached skill level 5 in Stealth
 13975 | D:11     | Reached XP level 13. HP: 62/62 MP: 33/33
 14468 | D:12     | Learned a level 2 spell: Blink
 15055 | D:12     | Reached skill level 16 in Spellcasting
 15325 | D:12     | Found a flickering gateway to a bazaar.
 15331 | Bazaar   | Entered a bazaar
 15341 | Bazaar   | Found Wicax's Antique Armour Shop.
 15367 | Bazaar   | Found Efuocw's Jewellery Shop.
 15395 | Bazaar   | Bought a glowing robe for 62 gold pieces
 15851 | D:13     | Noticed Frances
 16217 | D:12     | Learned a level 2 spell: Poisonous Vapours
 16640 | D:13     | Noticed Azrael
 16650 | D:13     | Killed Azrael
 16651 | D:13     | Noticed Erolcha
 16839 | D:13     | Killed Erolcha
 17060 | D:13     | Learned a level 1 spell: Summon Butterflies
 17600 | D:13     | Got a brightly glowing falchion
 18064 | D:14     | Reached skill level 17 in Spellcasting
 18521 | D:14     | Reached XP level 14. HP: 67/67 MP: 36/36
 18878 | D:14     | Reached skill level 18 in Spellcasting
 19068 | D:14     | Reached skill level 5 in Fighting
 19645 | D:14     | Found a gate to the Vaults.
 19882 | D:15     | Entered Level 15 of the Dungeon
 19991 | D:15     | Identified the cursed +3 falchion of Zerupew {drain, MR++} (You took it off a centaur on level 13 of the Dungeon)
 20353 | D:15     | Reached skill level 19 in Spellcasting
 20894 | D:15     | Found a shadowy altar of Dithmenos.
 20941 | D:15     | Found a shadowy altar of Dithmenos.
 21204 | D:15     | Found a staircase to the Depths.
 21625 | D:15     | Reached XP level 15. HP: 79/79 MP: 39/39
 21727 | D:15     | Learned a level 6 spell: Invisibility
 22023 | Depths:1 | Entered Level 1 of the Depths
 22898 | Orc:2    | Found Vucvubli's General Store.
 22903 | Orc:2    | Bought a scroll of blinking for 90 gold pieces
 22907 | Orc:2    | Found Oxtil's Antique Armour Emporium.
 22909 | Orc:2    | Found Hacemuam's Antique Weapon Shop.
 23304 | Orc:2    | Bought a jewelled dagger for 224 gold pieces
 23304 | Orc:2    | Identified the cursed +1 dagger of Untruth {pierce, +Inv rPois MR+ Dex+3} (You bought it in a shop on level 2 of the Orcish Mines)
 23368 | Orc:2    | Identified a scroll of acquirement {!r}
 23522 | Orc:1    | Found a runed gate.
 23524 | Orc:1    | Found a runed gate.
 23526 | Orc:1    | Found a runed gate.
 23534 | Orc:1    | Found an iron altar of Okawaru.
 23534 | Orc:1    | Noticed Amnesiac's ghost (journeyman SpEE)
 23538 | Orc:1    | Noticed an orc warlord
 23621 | Orc:1    | Killed Amnesiac's ghost
 23659 | Orc:1    | Killed an orc warlord
 23833 | Orc:2    | Killed Amnesiac's ghost
 23945 | Orc:1    | Reached skill level 10 in Fighting
 24367 | Depths:1 | Found a gateway to a ziggurat.
 24435 | Depths:1 | Noticed a fire giant
 24449 | Depths:1 | Killed a fire giant
 24471 | Depths:1 | Found a one-way gate to the infinite horrors of the Abyss.
 24533 | Depths:1 | Noticed Aizul
 24704 | Depths:1 | Noticed a frost giant
 24710 | Depths:1 | Killed Aizul
 24724 | Depths:1 | Killed a frost giant
 25702 | Depths:1 | Reached XP level 16. HP: 81/90 MP: 0/40
 26086 | Depths:1 | Found a gateway to Hell.
 26106 | Depths:1 | Reached skill level 1 in Evocations
 26328 | Hell     | Entered the Vestibule of Hell
 26328 | Hell     | Noticed Geryon
 26376 | Hell     | Noticed a lich
 26790 | Hell     | Reached skill level 15 in Dodging
 26833 | Hell     | Noticed an ancient champion
 27107 | Hell     | Noticed an ancient champion
 27110 | Hell     | Found a gateway to the decaying netherworld of Tartarus.
 27159 | Hell     | Killed an ancient champion
 27159 | Hell     | Gained mutation: You occasionally shout uncontrollably at your foes. [a cacodemon]
 27193 | Hell     | Slain by a skeletal warrior

Vault maps used:
D:1:      eino_arrival_cavern_a, minmay_misc_feat_pillars, minmay_misc_feat_x
D:2:      kennysheep_big_flooded_room, grunt_gozag_statues,
          eat_drink_and_be_merry_uskayaw, uniq_terence, uniq_sigmund
D:3:      fiery_altar_vehumet, minmay_quantized
D:4:      yredelemnul_altar_generic, minmay_temple_entry_mist,
          minmay_close_crescents
D:5:      grunt_temple_overflow_cloverleaf, first_ration, serial_glass,
          glass_columns_b, glass_columns_c, uniq_edmund
D:6:      grunt_ministairs_4, bloody_makhleb, uniq_eustachio, uniq_duvessa,
          uniq_menkaure
D:7:      uniq_prince_ribbit1
D:8:      lemuel_round_altar, overflow_temple_1_default,
          gammafunk_ghost_hydra_chop, basic_altar, uniq_grum, uniq_gastronok
D:9:      overflow_temple_1_default, lemuel_zombie_altar_kikubaaqudgha,
          minmay_lair_entry_grove, uniq_maurice
D:10:     blue_anna_alchemist
D:11:     lemuel_ice_statue, orc_0_dummy, gammafunk_ghost_grave
D:12:     serial_shops, bzr_entry_safe, einodemon_armed_red_devil_minivault
D:13:     uniq_erolcha, uniq_azrael, uniq_frances
D:14:     grunt_vaults_entry_fortified, minmay_misc_feat_square
D:15:     gammafunk_depths_entry_grave, basic_altar, grunt_decor_one_mirror,
          nicolae_dithmenos_the_darkroom
Temple:   dpeg_chambers_temple
Orc:1:    gammafunk_ghost_fury_of_okawaru, uniq_nergalle
Orc:2:    st_orc_elflike, serial_shops, nicolae_shop_behind_doors,
          portal_ice_cave_rime, gammafunk_ghost_necromancy
Depths:1: enter_ziggurat_e, lightli_too_deep, abyss_entry, minivault_14,
          minmay_misc_feat_roman, st_stairs_8, serial_bayou_crossing, uniq_aizul
Bazaar:   bazaar_jpeg_cross
IceCv:    ice_cave_small_giant

Skill      XL: |  1  2  3  4  5  6  7  8  9 10 11 12 13 14 15 16 |
---------------+-------------------------------------------------+-----
Earth Magic    | 3 4 5 6 7 8 |  8.0
Spellcasting   | 3 4 5 6 8 10 12 15 17 19 | 19.5
Short Blades   | 1 2 3 5 8 |  8.1
Dodging        | 4 5 6 8 10 12 14 15 | 15.1
Shields        | 1 2 4 5 7 |  7.3
Fighting       | 4 7 12 | 12.5
Stealth        | 5 8 |  8.1
Evocations     | 3 |  3.2
Transmutations | |  1.3

Action                   |  1- 3 |  4- 6 |  7- 9 | 10-12 | 13-15 | 16-18 || total
-------------------------+-------+-------+-------+-------+-------+-------++-------
Melee: Dagger            |    64 |   132 |   168 |   307 |   764 |     4 ||  1439
 Cast: Sandblast         |     6 |    36 |   160 |   146 |    12 |     1 ||   361
       Passwall          |     4 |     1 |     9 |     8 |     7 |     3 ||    32
       Petrify           |       |     3 |     4 |    88 |   152 |     1 ||   248
       Lee's Rapid Decon |       |       |     7 |    56 |   206 |    15 ||   284
       Stone Arrow       |       |       |       |    56 |   114 |     4 ||   174
Invok: Potion Petition   |       |       |       |       |     1 |     1 ||     2
       Bribe Branch      |       |       |       |       |       |     1 ||     1
Evoke: Wand              |       |       |       |    18 |    12 |    14 ||    44
  Use: Scroll            |       |       |    18 |     4 |     9 |     5 ||    36
       Potion            |       |       |     3 |     5 |     2 |     5 ||    15
 Stab: Sleeping          |     7 |     6 |    12 |     9 |    17 |       ||    51
       Petrified         |       |     6 |     9 |   158 |   103 |     2 ||   278
       Distracted        |       |       |     2 |     2 |     8 |     1 ||    13
       Petrifying        |       |       |     1 |    15 |    38 |       ||    54
  Eat: Ration            |       |     1 |     4 |    10 |     8 |     1 ||    24
Armor: Robe              |     5 |    18 |    11 |    21 |    22 |     5 ||    82
Dodge: Dodged            |    51 |   126 |   157 |   235 |   362 |    65 ||   996
Block: Buckler           |       |       |    53 |   216 |   321 |    34 ||   624
       Reflection        |       |       |       |       |     7 |       ||     7

Table legend:
 A = Spawn XP
 B = Non-spawn XP
 C = Spawn XP percentage of total XP
 D = Spawn monster count
 E = Non-spawn monster count
 F = Spawn count percentage of total count
 G = Total turns spent on level
                    A         B        C        D         E        F      G
               +---------+---------+-------+---------+---------+-------+---------
         Total |       0 |  166972 |   0.0 |       0 |     650 |   0.0 | 27193
               +---------+---------+-------+---------+---------+-------+---------
           D:1 |       0 |      38 |   0.0 |       0 |      10 |   0.0 |   936
           D:2 |       0 |     312 |   0.0 |       0 |      21 |   0.0 |  1058
           D:3 |       0 |     219 |   0.0 |       0 |      38 |   0.0 |  1089
           D:4 |       0 |     578 |   0.0 |       0 |      15 |   0.0 |  1040
           D:5 |       0 |     705 |   0.0 |       0 |      11 |   0.0 |   637
           D:6 |       0 |    1510 |   0.0 |       0 |      23 |   0.0 |  1072
           D:7 |       0 |    1774 |   0.0 |       0 |      29 |   0.0 |  1195
           D:8 |       0 |    5734 |   0.0 |       0 |      24 |   0.0 |  1299
           D:9 |       0 |    2775 |   0.0 |       0 |      26 |   0.0 |   797
          D:10 |       0 |    5179 |   0.0 |       0 |      35 |   0.0 |  1204
          D:11 |       0 |    4640 |   0.0 |       0 |      20 |   0.0 |  1182
          D:12 |       0 |   11115 |   0.0 |       0 |      48 |   0.0 |  2012
          D:13 |       0 |    8879 |   0.0 |       0 |      33 |   0.0 |  1543
          D:14 |       0 |   20201 |   0.0 |       0 |      51 |   0.0 |  1869
          D:15 |       0 |   25710 |   0.0 |       0 |      56 |   0.0 |  2342
         Orc:1 |       0 |   10653 |   0.0 |       0 |      50 |   0.0 |  1038
         Orc:2 |       0 |   13781 |   0.0 |       0 |      53 |   0.0 |  1908
      Depths:1 |       0 |   33922 |   0.0 |       0 |      40 |   0.0 |  2546
          Hell |       0 |    9655 |   0.0 |       0 |      32 |   0.0 |   286
         IceCv |       0 |    9592 |   0.0 |       0 |      35 |   0.0 |  1951
               +---------+---------+-------+---------+---------+-------+---------
